 Dungeon Crawl Stone Soup version 0.32-a0-893-gf85d74f360 (webtiles) character file.

Game seed: 4781926618426350593

2095 Foxy the Slicer (level 9, -2/69 HPs)
             Began as a Coglin Gladiator on Apr 4, 2024.
             Slain by an orc knight
             ... wielding a +0 war axe
              (18 damage)
             ... in a bailey.
             The game lasted 00:11:46 (6385 turns).

Foxy the Slicer (Coglin Gladiator)                  Turns: 6385, Time: 00:11:46

Health: -2/69      AC: 12    Str: 15    XL:     9   Next: 27%
Magic:  9/9        EV: 14    Int:  7    God:
Gold:   495        SH:  0    Dex: 20    Spells: 8/8 levels left

rFire   . . .        u - +0 dagger (flame) {Clara}
rCold   . . .        r - +1 short sword (protect) {Mei}
rNeg    . . .        A - +0 troll leather armour {Pargi}
rPois   .            c - +0 helmet
rElec   .            C - scarf {shadows}
rCorr   .            (no gloves)
SInv    .            y - +0 pair of boots
Will    .....        (amulet unavailable)
Stlth   +            (ring unavailable)
HPRegen 1.11/turn    (ring unavailable)
MPRegen 0.11/turn    (no gizmo)

%: no passive effects
@: under a protective aura, revved
A: off-hand wielding, slow wielding, warmup strikes, no jewellery
a: Invent Gizmo


You were in a bailey.
You visited 1 branch of the dungeon, and saw 7 of its levels.
You also visited: Sewer and Bailey.

You collected 495 gold pieces.

Inventory:

Hand Weapons
 a - a +0 rapier {Kanchana}
 r - a +1 short sword of protection (offhand) {Mei}
 u - a +0 dagger of flaming (weapon) {Clara}
Missiles
 d - 5 throwing nets
 e - a javelin
 l - 3 atropa-tipped darts
 p - 4 poisoned darts (quivered)
Armour
 c - a +0 helmet (worn)
 y - a +0 pair of boots (worn)
 A - a +0 troll leather armour (worn) {Pargi}
 C - a scarf of shadows (worn)
 D - a +2 ring mail of cold resistance
Wands
 f - a wand of flame (16)
Scrolls
 g - 2 scrolls of fog
 h - 3 scrolls of enchant armour {unknown}
 i - a scroll of butterflies
 j - a scroll of teleportation
 n - 3 scrolls of poison {unknown}
 q - a scroll of revelation
 t - a scroll of immolation
 x - a scroll of amnesia
 z - a scroll of blinking {unknown}
 B - 3 scrolls of acquirement {unknown}
Potions
 b - a potion of invisibility {unknown}
 k - a potion of curing
 m - 2 potions of degeneration {unknown}
 s - a potion of attraction {unknown}
 w - 2 potions of enlightenment {unknown}


   Skills:
 + Level 6.2 Fighting
 * Level 8.3 Short Blades
 - Level 1.7 Throwing
 + Level 6.0 Dodging


You had 8 spell levels left.
You didn't know any spells.
Your spell library contained the following spells:

 Spells                   Type           Power      Damage    Failure   Level
 Magic Dart               Conj           0%         1d3       50%         1
 Blink                    Tloc           0%         N/A       65%         2
 Call Imp                 Summ           0%         N/A       65%         2
 Maxwell's Portable Pile  Tloc           0%         2d(5-13)  86%         3
 Arcjolt                  Conj/Air       0%         1d10      100%        5
 Summon Forest            Summ/Tloc      0%         N/A       100%        5
 Summon Mana Viper        Hex/Summ       0%         N/A       100%        5
 Summon Cactus Giant      Summ           0%         N/A       100%        6
 Maxwell's Capacitive Co  Air            0%         ∞         100%        8


Dungeon Overview and Level Annotations

Branches:
Dungeon (7/15)              Sewer (visited)          Bailey (1/1)
 Temple: D:4-7

Altars:
Ashenzari
Elyvilon
Qazlal
Wu Jian

Shops:
D:1 [   D:5 *

Annotations:
D:7 Jeremiah


Innate Abilities, Weirdness & Mutations

You can wield a second weapon in your off-hand.
It takes a long time for you to wield or remove held weapons.
Your first few attacks do less damage.
You cannot equip rings or amulets.


Message History

You miss the orc knight with your +1 short sword of protection.
You barely miss the orc knight with your +0 dagger of flaming.
The orc knight is severely wounded.
You barely miss the orc knight with your +1 short sword of protection.
The orc knight hits you but does no damage.
The orc closely misses you.
You hit the orc knight but do no damage.
The orc knight is severely wounded.
You barely miss the orc knight with your +0 dagger of flaming.
You hit the orc knight but do no damage.
The orc knight is severely wounded.
You closely miss the orc knight with your +1 short sword of protection.
The orc knight hits you with a +0 war axe!
The orc misses you.
You hit the orc knight but do no damage.
The orc knight is severely wounded.
You hit the orc knight with your +0 dagger of flaming.
You burn the orc knight.
The orc knight hits you with a +0 war axe.
The orc hits you with a +0 hand axe.
You hit the orc knight but do no damage.
The orc knight is almost dead.
You miss the orc knight with your +0 dagger of flaming.
You barely miss the orc knight with your +0 dagger of flaming.
The orc knight is almost dead.
You hit the orc knight but do no damage.
The orc knight hits you with a +0 war axe!
* * * LOW HITPOINT WARNING * * *
The orc barely misses you.
You hit the orc knight with your +1 short sword of protection.
The orc knight is almost dead.
You hit the orc knight but do no damage.
You hit the orc knight but do no damage.
The orc knight is almost dead.
You completely miss the orc knight with your +1 short sword of protection.
The orc knight barely misses you. The orc hits you with a +0 hand axe.
* * * LOW HITPOINT WARNING * * *
You feel better.
The orc knight hits you with a +0 war axe!!
You die...

##.....##).......)##.....#
#######))...⌠...(.#######
##.........## #....).(..#
##.....(.## #.....(.#
##...g.## ♣♣##'oo##♣♣
♣.....@...♣ ♣..))....♣♣♣
♣....∩.....♣ ♣♣...)......♣
♣.....∩.....♣
♣♣.)........♣ ♣♣......♣.♣♣
♣♣.♣.♣♣♣♣♣ ♣♣♣♣♣


You could see an orc knight (poisoned), a gnoll and an orc (strong).

Vanquished Creatures
  Duvessa (D:7)
  7 orc warriors (Bailey)
  Pargi (Sewer)
  A black bear (D:4)
  2 phantoms
  A kobold brigand (Sewer)
  A bullfrog (D:6)
  A brain worm (Sewer)
  2 scorpions
  Dowan (D:7)
  3 hounds
  2 jellies (D:6)
  Jessica (D:2)
  Terence (D:3)
  4 iguanas
  3 orc wizards
  5 adders
  9 gnolls (Bailey)
  A shadow imp (D:5)
  29 orcs
  2 endoplasms
  3 giant cockroaches
  10 goblins
  4 hobgoblins
  2 jackals (D:2)
  8 kobolds
  4 quokkas
  7 ball pythons
  8 bats
  5 frilled lizards
  8 rats
137 creatures vanquished.

Notes
Turn   | Place    | Note
-------+----------+-------------------------------------------
     0 | D:1      | Foxy the Coglin Gladiator began the quest for the Orb.
     0 | D:1      | Reached XP level 1. HP: 16/16 MP: 1/1
   173 | D:1      | Reached XP level 2. HP: 20/22 MP: 2/2
   190 | D:1      | Reached skill level 3 in Short Blades
   301 | D:1      | Found Tasadd's Armour Shoppe.
   938 | D:2      | Noticed Jessica
   947 | D:2      | Killed Jessica
   948 | D:2      | Reached XP level 3. HP: 9/28 MP: 3/3
  1529 | D:3      | Reached XP level 4. HP: 34/34 MP: 4/4
  1580 | D:3      | Noticed Terence
  1590 | D:3      | Killed Terence
  1655 | D:3      | Found a faded altar of an unknown god.
  2014 | D:3      | Identified the ring "Pophiwim" {rElec rPois rF+ Str+6}
  2083 | D:4      | Noticed a black bear
  2141 | D:4      | Reached skill level 4 in Short Blades
  2214 | D:4      | Found a broken altar of Ashenzari.
  2222 | D:4      | Reached XP level 5. HP: 38/41 MP: 5/5
  2598 | D:4      | Killed a black bear
  2599 | D:4      | Reached XP level 6. HP: 31/47 MP: 6/6
  3019 | D:5      | Entered Level 5 of the Dungeon
  3095 | D:5      | Found a white marble altar of Elyvilon.
  3133 | D:5      | Reached skill level 5 in Short Blades
  3237 | D:5      | Found Sian's Assorted Antiques.
  3809 | D:5      | Reached XP level 7. HP: 49/54 MP: 7/7
  4312 | D:6      | Found a stormy altar of Qazlal.
  4387 | D:6      | Found a glowing drain.
  4401 | Sewer    | Entered a sewer
  4477 | Sewer    | Reached skill level 6 in Short Blades
  4528 | Sewer    | Noticed Pargi
  4550 | Sewer    | Killed Pargi
  4585 | Sewer    | Reached XP level 8. HP: 43/61 MP: 8/8
  4871 | D:6      | Found an ornate altar of the Wu Jian Council.
  5158 | D:6      | Reached skill level 5 in Fighting
  5158 | D:6      | Reached skill level 5 in Dodging
  5616 | D:7      | Noticed Jeremiah
  5618 | D:7      | Found a flagged portal.
  5727 | D:7      | Noticed Duvessa
  5728 | D:7      | Noticed Dowan
  5747 | D:7      | Killed Duvessa
  5748 | D:7      | Reached skill level 7 in Short Blades
  5761 | D:7      | Killed Dowan
  5828 | Bailey   | Entered a bailey
  6021 | Bailey   | Reached XP level 9. HP: 60/69 MP: 9/9
  6035 | Bailey   | Reached skill level 8 in Short Blades
  6094 | Bailey   | Noticed an orc knight
  6384 | Bailey   | HP: 3/69 [orc/+0 hand axe (5)]
  6385 | Bailey   | Slain by an orc knight

Illustrated notes

Levels and vault maps discovered:
D:1:      nicolae_arrival_washed_ashore, layout_basic, serial_shops, shop,
          minmay_misc_feat_x, serial_bayou_lagoon_b
D:2:      layout_basic, uniq_jessica
D:3:      layout_loops_ring, hellmonk_ecumenical_altar_blasted, uniq_terence
D:4:      layout_cave_pods, amcnicky_altar_gilded
D:5:      layout_basic, nicolae_elyvilon_temple_path, serial_shops,
          nicolae_shop_tiny_statue_garden
D:6:      layout_basic, mainiacjoe_overflow_catwalk,
          mainiacjoe_overflow_concentric_impassable, gup_sewer_entry_pipe,
          hangedman_abyss_or_decor_stabs
D:7:      layout_basic, mainiacjoe_overflow_small_starburst,
          jmf_multi_god_temple2, minmay_temple_entry_arrows, enter_bailey_4,
          uniq_duvessa, uniq_jeremiah
Bailey:   bailey_axe_minmay_hex_keep, bailey

Skill      XL: |  1  2  3  4  5  6  7  8  9 |
---------------+----------------------------+-----
Short Blades   | 3 4 5 6 7 8 |  8.3
Dodging        | 3 4 5 6 |  6.0
Fighting       | 3 4 5 6 |  6.2
Throwing       | |  1.7

Action                     |  1- 3 |  4- 6 |  7- 9 || total
---------------------------+-------+-------+-------++-------
  Melee: Rapier            |    73 |    10 |       ||    83
         Dagger            |    63 |   123 |   409 ||   595
         Short sword       |     2 |   136 |   417 ||   555
  Throw: Dart              |       |     5 |    22 ||    27
    Use: Scroll            |       |     4 |     5 ||     9
         Potion            |       |     1 |     3 ||     4
   Stab: Sleeping          |       |       |     3 ||     3
 Armour: Leather armour    |    44 |    73 |    34 ||   151
         Troll leather arm |       |       |   181 ||   181
  Dodge: Dodged            |    43 |    69 |   208 ||   320

Table legend: (Time is in decaauts)
 A = Elapsed time spent in this place.
 B = Non-inter-level travel time spent in this place.
 C = Inter-level travel time spent in this place.
 D = Time resting spent in this place.
 E = Time spent auto-exploring this place.
 F = Levels seen in this place.
 G = Mean time per level.
                   A        B        C        D        E       F      G
               +--------+--------+--------+--------+--------+-----+--------+
         Total |   6223 |   6002 |    221 |    366 |   3973 |   9 |  691.4 |
       Dungeon |   5547 |   5326 |    221 |    265 |   3844 |   7 |  792.4 |
         Sewer |    211 |    211 |      0 |      3 |    117 |   1 |  211.0 |
        Bailey |    464 |    464 |      0 |     98 |     12 |   1 |  464.0 |
               +--------+--------+--------+--------+--------+-----+--------+

Top non-repeatable levels by time:
     D:5: 1168 daAuts
     D:6: 1030 daAuts
     D:4: 901 daAuts
     D:1: 804 daAuts
     D:3: 695 daAuts
     D:2: 612 daAuts
  Bailey: 464 daAuts
     D:7: 333 daAuts
   Sewer: 211 daAuts
